 Seeded DCSS version 0.29.1-13-g9f3cf754e1 (webtiles) character file.

Game seed: 18334199546629406935 (custom seed)

3197 mathmaestro the Merchant of Misery (level 9, -2/71 HPs)
             Began as a Demonspawn Necromancer on Jan 20, 2023.
             Was a Believer of Kikubaaqudgha.
             Succumbed to their own poison gas
             ... in a bailey.
             The game lasted 00:21:15 (7317 turns).

mathmaestro the Merchant of Misery (DsNe)           Turns: 7317, Time: 00:21:15

Health: -2/71      AC:  8    Str: 15    XL:     9   Next: 64%
Magic:  1/18       EV: 14    Int: 20    God:    Kikubaaqudgha [**....]
Gold:   445        SH:  0    Dex: 14    Spells: 4/20 levels left

rFire   . . .      SeeInvis .   s - +5 flail (protect)
rCold   + . .      Faith    .   (no shield)
rNeg    . . .      Spirit   .   E - +2 robe {Archmagi}
rPois   .          Reflect  .   (helmet restricted)
rElec   .          Harm     .   y - +0 cloak
rCorr   .          Rampage  .   l - +0 pair of gloves
Will    .....      Archmagi +   r - +0 pair of boots
Stlth   +++.......              (no amulet)
HPRegen 1.21/turn               g - +6 ring of strength
MPRegen 0.32/turn               v - ring of protection from cold

@: lethally poisoned (-2 -> -19)
A: antennae 1, rugged brown scales 1, powered by death 2, magic regeneration
a: Renounce Religion, Unearth Wretches


You were in a bailey.
You worshipped Kikubaaqudgha.
Kikubaaqudgha was pleased with you.
You visited 1 branch of the dungeon, and saw 7 of its levels.
You also visited: Sewer and Bailey.

You collected 445 gold pieces.

Inventory:

Hand Weapons
 s - a +5 flail of protection (weapon)
 x - a +1 hand axe of electrocution
Missiles
 A - 4 javelins
 B - 10 boomerangs (quivered)
Armour
 l - a +0 pair of gloves (worn)
 r - a +0 pair of boots (worn)
 y - a +0 cloak (worn)
 E - a +2 robe of the Archmagi (worn)
Jewellery
 g - a +6 ring of strength (left hand)
 n - a ring of flight
 v - a ring of protection from cold (right hand)
Scrolls
 a - a scroll of noise {unknown}
 f - 2 scrolls of fear
 k - 5 scrolls of teleportation
 m - 3 scrolls of magic mapping
 q - 5 scrolls of fog
 z - a scroll of immolation
 F - a scroll of summoning {unknown}
 H - a scroll of enchant armour
Potions
 b - a potion of magic
 c - 3 potions of curing
 d - 3 potions of attraction {unknown}
 e - 4 potions of heal wounds {unknown}
 h - 4 potions of haste {unknown}
 i - 4 potions of might {unknown}
 j - 3 potions of degeneration {unknown}
 p - a potion of flight {unknown}
 t - a potion of cancellation {unknown}
 u - 3 potions of mutation {unknown}
 w - 4 potions of invisibility {unknown}
 C - 3 potions of lignification {unknown}
 D - a potion of berserk rage {unknown}
 G - a potion of resistance {unknown}


   Skills:
 + Level 6.1 Fighting
 - Level 5.0 Dodging
 - Level 5.0 Stealth
 + Level 6.0 Spellcasting
 + Level 4.0 Hexes
 + Level 8.1 Necromancy


You had 4 spell levels left.
You knew the following spells:

 Your Spells              Type           Power      Damage    Failure   Level
a - Necrotise             Necr           100%       1d9       1%          1
b - Vampiric Draining     Necr           55%        2d9       1%          3
c - Animate Dead          Necr           55%        N/A       3%          4
d - Sublimation of Blood  Necr           55%        N/A       1%          2
e - Anguish               Hex/Necr       22%        N/A       9%          4
f - Blink                 Tloc           18%        N/A       16%         2

Your spell library contained the following spells:

 Spells                   Type           Power      Damage    Failure   Level
 Slow                     Hex            100%       N/A       1%          1
 Confusing Touch          Hex            33%        N/A       6%          3
 Lesser Beckoning         Tloc           9%         N/A       30%         3
 Petrify                  Tmut/Erth      9%         N/A       71%         4
 Agony                    Necr           55%        N/A       10%         5
 Metabolic Englaciation   Hex/Ice        10%        N/A       77%         5
 Manifold Assault         Tloc           9%         N/A       96%         5
 Statue Form              Tmut/Erth      6%         N/A       100%        6


Dungeon Overview and Level Annotations

Branches:
Dungeon (7/15)             Temple (0/1) D:7           Sewer (visited)
 Bailey (1/1)

Altars:
Kikubaaqudgha

Annotations:
D:4 1 runed translucent door, RapScallion's ghost, amateur HOFi


Innate Abilities, Weirdness & Mutations

You have a pair of small antennae on your head.
You are partially covered in rugged brown scales. (AC +1, +3% HP)
You regenerate health from kills.
You regenerate magic rapidly.


Message History

Casting: Vampiric Draining (safe; 1% risk of failure)
Confirm with . or Enter, or press ? or * to list all spells.
Aiming: Vampiric Draining (safe; 1% risk of failure)
Press: ? - help, Shift-Dir - straight line, f/p - orc warlord
Aim: an orc warlord, wielding a +6 battleaxe and wearing a +0 plate armour (poison gas, severely wounded, very poisoned, anguished)
You feel a surge of power!
You draw life force from the orc warlord!
You feel life coursing into your body.
The orc warlord is engulfed in poison gas.
The orc warlord looks as sick as possible!
The orc warlord barely misses you.
Okay, then.
Really walk into that cloud of poison gas?
You are engulfed in poison gas.
You are poisoned.
* * * LOW HITPOINT WARNING * * *
You feel very sick.
The orc warlord is engulfed in poison gas.
The orc warlord looks as sick as possible!
Unknown command.
You are engulfed in poison gas.
You are lethally poisoned!
* * * LOW HITPOINT WARNING * * *
x2 You feel extremely sick.
You kill the orc warlord!
Kikubaaqudgha accepts your kill.
Your Fighting skill increases to level 6!
Your Spellcasting skill increases to level 6!
Your Hexes skill gained 2 levels and is now at level 4!
Your Necromancy skill increases to level 8!
You feel better.
You are engulfed in poison gas.
You are poisoned.
* * * LOW HITPOINT WARNING * * *
You feel very sick.
Unknown command.
You are engulfed in poison gas.
You are lethally poisoned!
* * * LOW HITPOINT WARNING * * *
You die...
Kikubaaqudgha rasps: "You have failed me!
Welcome... death!"

♣♣...~~))#~.........~#.~)~...♣♣
♣..)~~~.#~~.8...8.~~#.~~)...♣
♣♣..###)###..§§§§§###'###..♣♣
♣.##..).#~.8§§§8§~#....##.♣
♣##...).#~~~○§§§~~#.....##♣
##....§§####~§○####......##
#...8.§§§☼☼#○§☼#§§§...8...#
#.....§§☼☼☼§§.§☼§○☼.......#
#.....○§§§§§@§§§○§☼.......#
##..8.○8§§☼§§§§☼○☼§8..8..##
##...§○○§#######§§.....##
##..§☼§## ##.....## ##.☼☼##
##...## ##### #####


There were no monsters in sight!

Vanquished Creatures
  An orc warlord (Bailey)
  A troll (D:5)
  Sigmund (D:6)
  A wyvern (D:6)
  A water moccasin (D:7)
  4 orc warriors (Bailey)
  An ice beast (D:6)
  A sky beast (D:7)
  2 ogres
  A black bear (D:5)
  A phantom (D:5)
  4 bullfrogs
  A jelly (D:4)
  2 hounds (D:5)
  An orc priest (D:5)
  An iguana (D:6)
  3 orc wizards (D:5)
  9 gnolls
  A river rat (Sewer)
  9 adders
  2 shadow imps (D:6)
  2 white imps (D:6)
  4 ufetubi
  An adder zombie (Sewer)
  2 worms
  2 dart slugs
  24 orcs
  8 endoplasms
  2 giant cockroaches
  7 goblins
  5 hobgoblins
  3 quokkas
  17 ball pythons
  A ball python zombie (Sewer)
  4 bats
  A frilled lizard zombie (Sewer)
  9 kobolds
  20 rats
  A rat zombie (Sewer)
161 creatures vanquished.

Vanquished Creatures (collateral kills)
  2 gnolls (D:5)
  3 ball pythons
  An endoplasm (D:2)
  2 frilled lizards (Sewer)
  8 rats
16 creatures vanquished.

Vanquished Creatures (others)
  An adder zombie (Sewer)
  2 demonic plants (D:6)
3 creatures vanquished.

Grand Total: 180 creatures vanquished

Notes
Turn   | Place    | Note
-------+----------+-------------------------------------------
     0 | D:1      | mathmaestro the Demonspawn Necromancer began the quest for
                  | the Orb.
     0 | D:1      | Reached XP level 1. HP: 13/13 MP: 3/3
   413 | D:1      | Gained mutation: You are partially covered in rugged brown
                  | scales. (AC +1, +3% HP) [demonic ancestry]
   413 | D:1      | Reached XP level 2. HP: 14/20 MP: 3/5
  1094 | D:2      | Reached skill level 1 in Fighting
  1094 | D:2      | Reached XP level 3. HP: 16/26 MP: 0/6
  1924 | D:2      | Gained mutation: You have a pair of small antennae on your
                  | head. [demonic ancestry]
  1924 | D:2      | Reached XP level 4. HP: 32/32 MP: 0/7
  1933 | D:2      | Learned a level 3 spell: Vampiric Draining
  2030 | D:2      | Learned a level 4 spell: Animate Dead
  2069 | D:3      | Found a glowing drain.
  2121 | Sewer    | Entered a sewer
  2421 | Sewer    | Reached skill level 5 in Necromancy
  2446 | Sewer    | Reached XP level 5. HP: 38/39 MP: 6/9
  2478 | Sewer    | Gained mutation: You regenerate magic rapidly. [demonic
                  | ancestry]
  2478 | Sewer    | Reached XP level 6. HP: 5/46 MP: 10/10
  2787 | D:3      | Found a faded altar of an unknown god.
  3679 | D:4      | Found an ancient bone altar of Kikubaaqudgha.
  3686 | D:4      | Became a worshipper of Kikubaaqudgha
  4387 | D:4      | Found a runed translucent door.
  4529 | D:4      | Noticed RapScallion's ghost (amateur HOFi)
  4553 | D:5      | Entered Level 5 of the Dungeon
  4775 | D:5      | Gained mutation: You regenerate a little health from kills.
                  | [demonic ancestry]
  4775 | D:5      | Reached XP level 7. HP: 52/53 MP: 9/12
  5312 | D:5      | Reached * piety under Kikubaaqudgha
  5312 | D:5      | Received a gift from Kikubaaqudgha
  5313 | D:5      | Reached skill level 6 in Necromancy
  5316 | D:5      | Learned a level 2 spell: Sublimation of Blood
  5847 | D:6      | Noticed Sigmund
  5867 | D:5      | Reached XP level 8. HP: 25/61 MP: 5/14
  5950 | D:5      | Noticed a troll
  6190 | D:6      | Learned a level 4 spell: Anguish
  6377 | D:5      | Killed a troll
  6378 | D:5      | Reached skill level 1 in Hexes
  6506 | D:6      | Killed Sigmund
  6507 | D:6      | Reached skill level 5 in Stealth
  6588 | D:6      | Reached skill level 7 in Necromancy
  6789 | D:6      | Learned a level 2 spell: Blink
  6873 | D:7      | Reached skill level 5 in Fighting
  6873 | D:7      | Reached skill level 5 in Spellcasting
  6878 | D:7      | Found a flagged portal.
  6890 | D:7      | Reached skill level 5 in Dodging
  6931 | Bailey   | Entered a bailey
  6958 | Bailey   | Noticed an orc warlord
  6961 | Bailey   | Gained mutation: You regenerate health from kills. [demonic
                  | ancestry]
  6961 | Bailey   | Reached XP level 9. HP: 70/70 MP: 12/16
  6980 | Bailey   | Reached ** piety under Kikubaaqudgha
  7097 | Bailey   | Found a runed translucent gate.
  7100 | Bailey   | Found a runed translucent gate.
  7102 | Bailey   | Found a runed translucent gate.
  7315 | Bailey   | Killed an orc warlord
  7316 | Bailey   | Reached skill level 8 in Necromancy
  7317 | Bailey   | HP: 3/71 [cloud of poison gas (8)]
  7317 | Bailey   | Succumbed to their own poison gas

Illustrated notes

Levels and vault maps discovered:
D:1:      shiori_shiawase, layout_loops_ring, st_stairs_7
D:2:      layout_basic, minmay_large_rounded_square
D:3:      layout_basic, portal_sewer_entry_a, hellmonk_ecumenical_altar_blasted
D:4:      layout_loops_corners, kiku_gazebo_garden_becter, ebering_ghost_sewer_d
D:5:      layout_basic
D:6:      layout_cave_pools, serial_demonic, serial_demonic_b, serial_demonic_c,
          serial_demonic_d, serial_demonic_g, uniq_sigmund
D:7:      layout_basic, lemuel_coloured_pillars_altar,
          minmay_temple_entry_mini_moons, enter_bailey_2
Bailey:   bailey_axe_bossmonster_kennysheep, bailey

Skill      XL: |  1  2  3  4  5  6  7  8  9 |
---------------+----------------------------+-----
Stealth        | 2 3 4 5 |  5.0
Dodging        | 2 3 4 5 |  5.0
Fighting       | 1 2 3 5 6 |  6.1
Necromancy     | 5 6 7 8 |  8.1
Spellcasting   | 3 4 5 6 |  6.0
Hexes          | 2 4 |  4.0

Action                   |  1- 3 |  4- 6 |  7- 9 || total
-------------------------+-------+-------+-------++-------
Melee: Whip              |    17 |       |       ||    17
       Flail             |       |    51 |    70 ||   121
Throw: Boomerang         |       |       |     2 ||     2
 Cast: Necrotise         |    69 |    59 |   131 ||   259
       Animate Dead      |       |     1 |       ||     1
       Vampiric Draining |       |     2 |    23 ||    25
       Anguish           |       |       |     4 ||     4
  Use: Scroll            |       |     6 |     8 ||    14
       Potion            |       |       |     1 ||     1
 Stab: Sleeping          |       |     5 |       ||     5
Armor: Robe              |    12 |    37 |    55 ||   104
Dodge: Dodged            |    37 |    55 |   116 ||   208
